Map: Frost LE

Players

DarkSeraphX

  • Race: Zerg Zerg
  • League: Gold
  • Spawn Location: 11:00

Fropez - Winner!

  • Race: Protoss Protoss
  • League: Silver
  • Spawn Location: 5:00

VOD

Have the link to the VOD?

Description

Time

  • Played on: June 9, 2016, 3 p.m.
  • Length: 11:09
Show
View Real Time Build Order
Export as new Build Order

DarkSeraphX Zerg 

Build Orders: Pool First 

Get SALT Encoding   

  12  0:04  Drone  
  13  0:13  Drone  
  14  0:16  Extractor  
  14  0:18  Extractor  
  14  0:19  Drone  
  13  0:23  Drone  
  16  0:29  Overlord  
  16  0:37  Overlord  
  16  0:53  Spawning Pool  
  16  0:56  Extractor  
  14  0:57  Drone  
  14  1:00  Drone  
  16  1:09  Drone  
  17  1:20  Drone  
  18  1:41  Spine Crawler  
  18  1:43  Queen  
  18  1:45  Zergling x2  
  18  1:46  Zergling x2  
  21  1:52  Drone  
  22  2:05  Metabolic Boost  
  22  2:07  Zergling x2  
  23  2:14  Drone  
  24  2:22  Queen  
  24  2:25  Zergling x2  
  27  2:35  Drone  
  28  2:44  Hatchery  
  27  2:52  Zergling x2  
  27  2:53  Zergling x4  
  30  3:15  Hatchery  
  29  3:25  Extractor  
  28  3:42  Drone  
  28  3:43  Baneling Nest, Drone x2  
  28  3:44  Overlord x2  
  30  4:01  Zergling x8  
  34  4:04  Drone  
  35  4:14  Queen  
  35  4:36  Queen  
  35  4:38  Queen  
  37  4:45  Drone  
  40  4:46  Drone x3  
  43  4:57  Drone  
  43  4:58  Drone x2  
  44  5:16  Baneling  
  44  5:17  Baneling x11  
  29  5:57  Zergling x4  
  29  5:58  Zergling x12  
  29  5:59  Zergling x2  
  36  6:25  Drone x4  
  40  6:33  Drone x2  
  40  6:34  Drone  
  43  6:45  Extractor  
  42  6:47  Extractor  
  38  7:04  Zergling x8  
  38  7:05  Zergling x14  
  38  7:06  Zergling x2  
  47  7:09  Zergling x2  
  47  7:21  Drone x5  
  47  7:22  Drone  
  53  7:24  Drone  
  54  7:31  Drone  
  54  7:32  Drone x2  
  57  7:41  Drone  
  58  7:46  Overlord  
  58  7:47  Overlord x2  
  58  7:55  Lair  
  58  8:05  Drone x5  
  63  8:13  Evolution Chamber  
  63  8:19  Evolution Chamber  
  61  8:20  Drone  
  61  8:21  Drone x3  
  61  8:24  Drone  
  56  8:35  Queen  
  56  8:39  Queen  
  60  8:47  Zerg Missile Weapons Level 1  
  60  8:55  Spore Crawler  
  59  8:57  Spore Crawler  
  59  9:01  Spore Crawler  
  57  9:05  Spore Crawler  
  55  9:15  Drone x6  
  40  9:44  Drone  
  40  9:45  Drone x3  
  44  9:46  Drone  
  45  10:07  Drone  
  45  10:08  Drone x2  
  45  10:09  Drone  
  49  10:23  Drone x3  
  49  10:26  Drone  
  53  10:34  Drone  
  53  10:35  Drone x2  
Show
View Real Time Build Order
Export as new Build Order

Fropez Protoss - Winner!

Build Orders: Mass Adepts 

Get SALT Encoding   

  12  0:02  Probe (Chrono Boost)  
  13  0:16  Pylon  
  13  0:22  Probe (Chrono Boost)  
  14  0:33  Probe (Chrono Boost)  
  15  0:38  Gateway  
  15  0:43  Probe (Chrono Boost)  
  15  0:48  Assimilator  
  16  0:54  Probe (Chrono Boost)  
  17  1:04  Pylon, Probe (Chrono Boost)  
  18  1:21  Gateway  
  19  1:30  Cybernetics Core  
  19  1:31  Probe (Chrono Boost)  
  19  1:46  Probe (Chrono Boost)  
  20  1:49  Pylon  
  20  1:56  Assimilator  
  20  1:57  Probe (Chrono Boost)  
  21  2:06  Warp Gate (Chrono Boost)  
  21  2:07  Probe (Chrono Boost)  
  22  2:10  Adept  
  22  2:15  Adept  
  26  2:19  Probe (Chrono Boost)  
  27  2:31  Mothership Core  
  29  2:37  Adept  
  29  2:42  Adept  
  33  2:48  Gateway  
  33  2:53  Gateway  
  33  2:54  Probe  
  34  3:06  Probe  
  34  3:11  Adept  
  37  3:14  Adept  
  37  3:18  Probe  
  39  3:44  Gateway x2  
  39  3:51  Forge  
  39  4:01  Pylon  
  39  4:03  Pylon  
  39  4:16  Pylon  
  39  4:18  Nexus  
  39  4:19  Probe  
  39  4:23  Adept  
  42  4:31  Adept  
  42  4:36  Adept  
  46  4:40  Protoss Ground Weapons Level 1 (Chrono Boost)  
  46  4:42  Probe  
  47  4:51  Adept  
  49  4:54  Adept  
  45  5:49  Probe  
  43  5:51  Probe  
  33  6:03  Probe  
  34  6:07  Stargate x2  
  32  6:15  Zealot x3  
  38  6:24  Protoss Air Weapons Level 1  
  38  6:25  Gateway  
  38  6:27  Protoss Ground Armor Level 1 (Chrono Boost)  
  38  6:28  Pylon  
  38  6:29  Gateway  
  38  6:33  Probe x2, Assimilator  
  38  6:35  Assimilator  
  38  6:39  Gateway  
  40  6:55  Zealot x3  
  40  7:13  Oracle x2 (Chrono Boost)  
  40  7:24  Probe  
  40  7:25  Probe  
  42  7:45  Zealot  
  42  7:46  Zealot x3  
  42  7:47  Oracle x2 (Chrono Boost)  
  42  7:50  Pylon  
  56  8:06  Probe  
  56  8:07  Probe  
  58  8:15  Gateway  
  58  8:18  Oracle x2 (Chrono Boost)  
  64  8:45  Zealot x3  
  64  8:46  Zealot x2  
  74  9:01  Probe  
  74  9:02  Probe, Fleet Beacon  
  73  9:54  Nexus  
  73  9:56  Assimilator  
  73  9:58  Assimilator  
  73  10:03  Pylon  
  73  10:05  Pylon  
  73  10:10  Pylon  
  79  10:14  Pylon  
  79  10:24  Photon Cannon  
  79  10:27  Pylon  
  79  10:32  Probe  
  79  10:34  Probe  
Tags
 
Composition
Mass Adepts
Matchup
PvZ
Opening
Pool First
Replay Pack
All Mines
Spawn Locations
Cross Positions
Add a new tag
Caveats
  • Supply blocks, unpowered buildings, or Contaminate may cause inaccurate times.
  • Supply counts are checked every 10 seconds.